Map: Ruins of Endion

Players

tepia - Winner!

  • Race: Zerg Zerg
  • League: Diamond

blackxored

  • Race: Zerg Zerg
  • League: Platinum

VOD

Have the link to the VOD?

Description

Time

  • Played on: June 26, 2016, 4:37 p.m.
  • Length: 4:12
Show
View Real Time Build Order
Export as new Build Order

tepia Zerg - Winner!

Build Orders: Hatch First 

Get SALT Encoding   

  12  0:01  Drone  
  13  0:17  Overlord  
  13  0:19  Drone  
  14  0:36  Drone x2  
  14  0:39  Drone  
  17  0:50  Drone  
  18  1:03  Drone  
  19  1:06  Extractor, Hatchery  
  17  1:15  Spawning Pool  
  16  1:18  Drone  
  17  1:43  Hatchery  
  17  1:45  Drone  
  17  1:49  Drone  
  18  2:02  Queen  
  20  2:10  Metabolic Boost  
  20  2:14  Zergling x2  
  21  2:20  Zergling x4  
  23  2:23  Zergling x2  
  24  2:31  Zergling x4  
  26  2:41  Zergling x4  
  28  2:52  Baneling Nest  
  27  3:04  Zergling x8  
  27  3:05  Zergling x2  
  32  3:26  Zergling x4  
  34  3:38  Baneling x3  
  34  3:44  Overlord x2  
Show
View Real Time Build Order
Export as new Build Order

blackxored Zerg 

Build Orders: Pool First 

Get SALT Encoding   

  12  0:01  Drone  
  13  0:09  Drone  
  14  0:18  Overlord  
  14  0:23  Extractor  
  14  0:24  Drone  
  15  0:37  Drone x2  
  17  0:45  Drone  
  18  0:52  Spawning Pool  
  18  0:54  Extractor  
  18  0:56  Drone  
  17  1:06  Drone  
  18  1:17  Drone  
  19  1:28  Overlord  
  19  1:39  Zergling x2  
  20  1:44  Hatchery  
  20  1:45  Queen  
  21  1:51  Zergling x2  
  22  2:00  Zergling x2  
  23  2:05  Metabolic Boost  
  23  2:13  Zergling x2  
  24  2:22  Drone  
  25  2:24  Queen  
  27  2:36  Drone  
  28  2:50  Drone  
  29  3:01  Zergling x10  
  34  3:11  Hatchery  
  34  3:12  Zergling x2  
  33  3:22  Overlord  
  33  3:36  Zergling x2  
  33  3:37  Zergling x2  
  33  3:38  Overlord  
  35  3:53  Roach Warren, Drone x4  
  38  3:59  Spine Crawler  
  38  4:00  Spine Crawler  
Tags
 
Add a new tag
Caveats
  • Supply blocks, unpowered buildings, or Contaminate may cause inaccurate times.
  • Supply counts are checked every 10 seconds.